AoeStats
← Artor

Lombardia

508291259Analyzed
4v4 RM · 10d ago on Sep 21, 2026· 81m 59s· 8 players
Game mode
Random Map
Map size
Large (8 player)
Population
200
Speed
Normal
Resources
Standard
Victory
Conquest
Starting age
Dark Age
Ending age
Imperial Age
RankedLock teamsTeams togetherTeam positionsShared explorationLock speedFull tech treeHidden civsTurbo modeCheats
Victory
Defeat
🇩🇪 Britons · Germany
902
+19
🇩🇪 Teutons · Germany
882
+20
🇩🇪 Hindustanis · Germany
880
+20
🇩🇪 Mongols · Germany
862
+21
🇨🇿 Burgundians · Czechia
1000
-68
🇩🇪 Saracens · Germany
996
-20
🇪🇬 Mongols · Egypt
964
-20
🇫🇷 Cumans · France
941
-19
Donald Trump
10:21 Feudal Age
11:06 Double-Bit Axe
11:03 Horse Collar
16:33 Loom
24:55 Castle Age
30:40 Fletching
34:12 Bodkin Arrow
35:15 Padded Archer Armor
36:14 Wheelbarrow
41:23 Bloodlines
41:22 Scale Barding Armor
41:28 Forging
42:25 Heavy Plow
42:38 Bow Saw
45:02 Imperial Age
45:08 Chain Barding Armor
45:23 Iron Casting
45:51 Cavalier
49:01 Plate Barding Armor
49:27 Blast Furnace
51:36 Pikeman
55:16 Scale Mail Armor
54:50 Halberdier
60:19 Hand Cart
59:50 Town Watch
Artor
5:55 Loom
11:56 Feudal Age
20:36 Castle Age
19:44 Double-Bit Axe
19:41 Horse Collar
19:55 Stone Mining
19:58 Gold Mining
20:47 Wheelbarrow
24:09 Hand Cart
24:16 Heavy Plow
24:25 Scale Barding Armor
25:29 Forging
29:10 Iron Casting
30:02 Husbandry
31:19 Bloodlines
32:51 Bow Saw
33:48 Chain Barding Armor
38:55 Gold Shaft Mining
41:32 Light Cavalry
49:59 Imperial Age
50:01 Elite Mameluke
51:03 Conscription
50:12 Hussar
59:47 Two-Man Saw
f3ng3l_cz
10:51 Feudal Age
11:22 Double-Bit Axe
24:13 Castle Age
26:10 Bow Saw
25:49 Loom
26:05 Stone Mining
26:07 Gold Mining
26:04 Horse Collar
28:34 Elite Skirmisher
28:37 Cavalier
29:18 Husbandry
41:28 Imperial Age
42:59 Two-Man Saw
42:42 Stone Shaft Mining
42:42 Gold Shaft Mining
43:10 Heavy Plow
44:14 Guilds
52:51 Paladin
ALMIKDAD*KNIGHTS*
3:22 Loom
10:32 Feudal Age
16:58 Castle Age
16:43 Stone Mining
17:10 Double-Bit Axe
17:07 Horse Collar
22:31 Wheelbarrow
22:30 Elite Skirmisher
23:57 Heavy Plow
24:31 Pikeman
26:43 Scale Mail Armor
28:01 Bow Saw
28:03 Crossbowman
29:54 Fletching
30:39 Padded Archer Armor
30:36 Bodkin Arrow
30:52 Thumb Ring
31:35 Gold Mining
33:52 Gold Shaft Mining
34:38 Chain Mail Armor
34:34 Forging
37:28 Imperial Age
35:07 Squires
35:31 Leather Archer Armor
35:56 Hand Cart
36:07 Ballistics
36:53 Coinage
38:04 Iron Casting
37:41 Caravan
39:03 Stone Shaft Mining
38:54 Conscription
38:07 Onager
39:54 Chemistry
39:06 Murder Holes
39:12 Bracer
39:44 Scale Barding Armor
39:58 Bloodlines
39:50 Husbandry
39:39 Arbalester
41:14 Chain Barding Armor
41:55 Blast Furnace
41:21 Fortified Wall
42:11 Banking
41:19 Elite Mangudai
43:42 Siege Onager
46:36 Siege Engineers
Red Leader
7:56 Loom
10:40 Feudal Age
11:25 Horse Collar
12:25 Double-Bit Axe
16:47 Gold Mining
16:47 Stone Mining
18:45 Wheelbarrow
21:02 Castle Age
21:53 Scale Mail Armor
22:03 Forging
23:05 Bow Saw
22:59 Heavy Plow
23:38 Chain Mail Armor
24:04 Iron Casting
26:16 Squires
27:56 Arson
30:13 Hand Cart
31:59 Caravan
32:51 Bloodlines
32:42 Husbandry
33:13 Grand Trunk Road
33:18 Town Watch
34:26 Scale Barding Armor
35:28 Chain Barding Armor
40:03 Imperial Age
37:39 Town Patrol
38:18 Light Cavalry
41:44 Blast Furnace
41:19 Plate Barding Armor
40:08 Hussar
40:08 Heavy Camel Rider
41:57 Conscription
43:56 Two-Man Saw
43:35 Gold Shaft Mining
43:36 Stone Shaft Mining
42:30 Siege Elephant
44:41 Ballistics
45:21 Chemistry
45:13 Imperial Camel Rider
59:31 Elite Ghulam
60:47 Hoardings
65:27 Murder Holes
65:44 Fortified Wall
65:42 Siege Engineers
65:47 Masonry
65:28 Guard Tower
74:42 Careening
74:43 Clinker Construction
75:00 Illumination
75:11 Theocracy
74:37 Devotion
74:47 Redemption
74:48 Fervor
74:34 Herbal Medicine
74:55 Block Printing
75:00 Sanctity
80:31 Spies/Treason
zaxolinchen
9:06 Feudal Age
9:45 Double-Bit Axe
10:52 Loom
10:58 Loom
19:11 Castle Age
18:49 Bloodlines
19:56 Wheelbarrow
23:00 Scale Barding Armor
24:32 Forging
27:01 Hand Cart
27:58 Gold Mining
30:00 Bow Saw
30:00 Stone Mining
34:30 Imperial Age
31:31 Light Cavalry
32:49 Iron Casting
32:34 Chain Barding Armor
33:15 Ballistics
32:47 Fletching
33:00 Padded Archer Armor
34:49 Elite Mangudai
36:28 Hussar
38:12 Blast Furnace
37:08 Bodkin Arrow
38:12 Leather Archer Armor
39:01 Chemistry
38:09 Town Watch
38:49 Caravan
39:12 Onager
40:54 Bracer
41:30 Horse Collar
43:33 Drill
43:36 Conscription
44:16 Siege Onager
61:03 Capped Ram
63:32 Siege Ram
78:41 Spies/Treason
Big_Joe
11:03 Feudal Age
12:00 Double-Bit Axe
20:34 Castle Age
19:18 Horse Collar
21:25 Bow Saw
21:17 Heavy Plow
23:43 Town Watch
23:46 Loom
25:17 Stone Mining
26:02 Pikeman
28:16 Wheelbarrow
30:14 Stone Shaft Mining
35:07 Imperial Age
33:42 Hand Cart
35:29 Elite Skirmisher
37:52 Scale Mail Armor
38:03 Forging
38:35 Gold Mining
40:00 Squires
40:30 Conscription
41:09 Chain Mail Armor
43:08 Chemistry
42:28 Fletching
45:34 Arson
46:33 Plate Mail Armor
46:39 Iron Casting
51:01 Elite Teutonic Knight
53:04 Halberdier
56:42 Ballistics
57:27 Blast Furnace
56:55 Ironclad
57:14 Caravan
58:29 Bodkin Arrow
61:10 Siege Engineers
80:34 Spies/Treason
bjoern4tel
10:01 Feudal Age
10:52 Double-Bit Axe
13:44 Fletching
19:46 Castle Age
19:04 Horse Collar
20:16 Crossbowman
21:06 Bodkin Arrow
23:38 Bow Saw
27:24 Ballistics
33:52 Imperial Age
32:22 Wheelbarrow
32:24 Heavy Plow
35:00 Yeomen
34:44 Bracer
35:40 Hand Cart
35:59 Caravan
38:21 Two-Man Saw
37:58 Conscription
38:13 Padded Archer Armor
39:19 Chemistry
37:53 Arbalester
40:05 Onager
42:08 Leather Archer Armor
43:25 Ring Archer Armor
45:31 Hoardings
47:49 Elite Longbowman
48:31 Warwolf
48:02 Sappers
52:18 Loom
52:19 Town Watch
54:17 Town Patrol
81:16 Spies/Treason
Connection lost

Rejoining the realm…

Still unreachable

The connection could not be restored.

Session expired

The server has moved on; the page needs a fresh start.